 Dungeon Crawl Stone Soup version 0.17-a0-1760-ga6756ae (console) character file.

39 Illiel the Shooter (level 3, 0/23 HPs)
             Began as a High Elf Arcane Marksman on Sept 3, 2015.
             Slain by a hobgoblin
             ... wielding a +0 club
              (1 damage)
             ... on level 2 of the Dungeon.
             The game lasted 00:08:35 (1613 turns).

Illiel the Shooter (High Elf Arcane Marksman)       Turns: 1613, Time: 00:08:35

Health: 0/23       AC:  4    Str: 10    XL:     3   Next: 28%
Magic:  2/7        EV: 12    Int: 17    God:
Gold:   13         SH:  0    Dex: 15    Spells: 2 memorised, 3 levels left

rFire  . . .     SeeInvis .     l - -1 dagger (curse)
rCold  . . .     Clarity  .     c - +0 robe
rNeg   . . .     SustAt   .     (no shield)
rPois  .         Gourm    .     (no helmet)
rElec  .         Spirit   .     (no cloak)
rCorr  .         Warding  .     i - +1 pair of gloves
rMut   .         Stasis   .     (no boots)
MR     .....                    (no amulet)
Stlth  +.........               (no ring)
                                (no ring)

@: very slightly contaminated, not resistant to hostile enchantments, very
unstealthy
A: no striking features
a: no special abilities


You were on level 2 of the Dungeon.
You were hungry.

You visited 1 branch of the dungeon, and saw 2 of its levels.

You collected 13 gold pieces.

Inventory:

Hand weapons
 a - a +0 short sword
 f - a +0 shortbow
 l - a cursed -1 dagger (weapon)
Missiles
 b - 37 arrows
 p - 6 curare-tipped needles
Armour
 c - a +0 robe (worn)
 i - a +1 pair of gloves (worn)
Scrolls
 g - a scroll of enchant armour
Potions
 h - 2 potions of might {unknown}
 j - a potion of magic {unknown}
 n - a potion of brilliance {unknown}
 o - a potion of agility {unknown}
 q - 2 potions of curing {unknown}
Books
 d - a book of Debilitation

   Spells                             Type                      Level
   a - Corona                         Hexes                        1
   b - Slow                           Hexes                        2
   c - Gell's Gravitas                Hexes/Translocation          3
   d - Inner Flame                    Hexes/Fire                   3
   e - Cause Fear                     Hexes                        4
   f - Leda's Liquefaction            Hexes/Earth                  4
Comestibles
 e - a bread ration
 k - a beef jerky
 m - a royal jelly
 r - 4 chunks of flesh


   Skills:
 - Level 1.0 Fighting
 * Level 4.0 Bows
 - Level 2.1 Dodging
 + Level 2.0 Spellcasting
 + Level 3.3 Hexes


You had 3 spell levels left.
You knew the following spells:

 Your Spells              Type           Power        Failure   Level  Hunger
a - Slow                  Hex            ##......     10%         2    ###....
h - Corona                Hex            ##.....      6%          1    #......


Dungeon Overview and Level Annotations

Branches:
Dungeon (2/15)

Altars:


Message History

You hit the hobgoblin but do no damage.
The hobgoblin is moderately wounded.
The hobgoblin hits you with a club.
* * * LOW HITPOINT WARNING * * *
The hobgoblin hits you but does no damage.
Casting: Slow
Confirm with . or Enter, or press ? or * to list all spells.
Aiming: Slow
Press: ? - help, Shift-Dir - straight line, f/p - hobgoblin
Aim: a hobgoblin, wielding a club (chance to defeat MR: 67%)
The hobgoblin seems to slow down.
The hobgoblin barely misses you. The hobgoblin barely misses you.
You closely miss the hobgoblin.
The hobgoblin is moderately wounded.
The hobgoblin hits you.
* * * LOW HITPOINT WARNING * * *
You hit the hobgoblin.
The hobgoblin is almost dead.
The hobgoblin hits you with a club.
You die... ∙∙∙∙

▒▒▒▒▒▒▒▒▒▒▒ ∙∙∙
▒∙∙∙∙∙∙∙∙∙▒ ▒∙∙
▒∙∙∙∙∙∙∙∙∙▒ ▒∙▒
▒▒▒∙∙∙∙∙∙∙∙∙▒ ▒∙▒▒▒▒
▒∙∙∙(∙∙∙∙∙∙∙∙▒▒▒▒∙∙∙∙∙
■∙∙∙∙∙∙∙∙∙∙∙∙'∙%∙∙∙∙∙▒
∙∙∙∙∙∙∙∙∙∙∙∙▒▒▒▒▒▒▒∙▒
▒∙∙∙∙∙∙∙∙∙∙▒ ▒∙▒
▒∙∙∙∙∙∙∙∙∙∙▒ ▒∙∙
▒∙∙∙∙∙∙∙∙∙∙▒ ▒▒∙
▒∙∙∙∙∙∙∙∙▒▒▒ ▒∙
▒∙∙∙∙∙∙∙∙▒ ▒▒
▒▒▒▒∙∙∙∙∙∙∙∙▒ ▒
▒∙∙∙∙$∙∙∙∙∙∙▒ ▒
▒∙∙∙∙gg▒▒▒▒▒▒ ▒∙∙∙∙∙@▒
▒▒▒▒▒▒▒▒ ▒▒ ▒∙ ▒∙ ▒∙
▒■▒▒▒▒ ▒∙ ∙∙∙∙∙▒ ▒∙
∙∙∙∙∙▒ ▒∙ ∙∙∙∙∙▒ ▒∙
∙∙∙∙∙▒ ▒∙ ∙∙∙∙K▒ ▒▒
▒∙∙∙∙∙▒ ▒∙ <∙∙∙∙∙▒
▒▒▒▒▒▒' ∙∙∙∙∙∙▒
▒∙∙∙∙∙∙ ∙∙∙∙∙∙▒
▒∙∙∙∙∙∙


You could see 2 hobgoblins.

Vanquished Creatures
  An adder (D:2)
  A giant gecko (D:2)
  4 giant cockroaches
  3 hobgoblins (D:1)
  A jackal (D:2)
  3 kobolds (D:1)
  2 bats
  3 giant newts (D:1)
  8 goblins
  4 rats
30 creatures vanquished.

Notes
Turn   | Place    | Note
--------------------------------------------------------------
     0 | D:1      | Illiel the High Elf Arcane Marksman began the quest for the Orb.
     0 | D:1      | Reached XP level 1. HP: 13/13 MP: 3/3
   179 | D:1      | Reached XP level 2. HP: 18/18 MP: 3/5
  1059 | D:2      | Learned a level 2 spell: Slow
  1072 | D:2      | Reached skill level 4 in Bows
  1072 | D:2      | Reached XP level 3. HP: 12/23 MP: 1/7
  1612 | D:2      | HP: 1/23 [hobgoblin (3)]
  1613 | D:2      | Slain by a hobgoblin

Vault maps used:
D:1:      tarquinn_simple_flora_water_b, st_stairs_9

Action                   || total
-------------------------++-------
Melee: Dagger            ||   146
 Fire: Shortbow          ||    22
 Cast: Corona            ||    26
       Slow              ||     8
  Use: Scroll            ||     3
  Eat: Chunk             ||     3
